 Dungeon Crawl Stone Soup version 0.29-a0-870-g2c972031a6 (webtiles) character file.

Game seed: 11272251622326652816

159 Hasart the Shooter (level 4, 0/37 HPs)
             Began as a Demigod Hunter on July 17, 2022.
             Slain by an iguana (11 damage)
             ... on level 4 of the Dungeon.
             The game lasted 00:03:35 (2728 turns).

Hasart the Shooter (Demigod Hunter)                 Turns: 2728, Time: 00:03:36

Health: 0/37       AC:  3    Str: 12    XL:     4   Next: 95%
Magic:  15/15      EV: 13    Int: 11    God:
Gold:   118        SH:  0    Dex: 21    Spells: 3/3 levels left

rFire   . . .      SeeInvis .   a - +0 shortbow
rCold   . . .      Faith    .   (shield currently unavailable)
rNeg    . . .      Spirit   .   c - +0 leather armour
rPois   .          Reflect  .   (no helmet)
rElec   .          Harm     .   (no cloak)
rCorr   .          Rampage  .   (no gloves)
Will    .....                   (no boots)
Stlth   ++........              (no amulet)
HPRegen 0.12/turn               j - ring of magical power
MPRegen 0.14/turn               (no ring)

@: no status effects
A: high MP 1, forlorn, divine attributes
a: no special abilities


You were on level 4 of the Dungeon.
You visited 1 branch of the dungeon, and saw 4 of its levels.

You collected 144 gold pieces.
You spent 26 gold pieces at shops.

Inventory:

Hand Weapons
 a - a +0 shortbow (weapon)
Missiles
 h - a throwing net
Armour
 c - a +0 leather armour (worn)
Jewellery
 j - a ring of magical power (left hand)
Wands
 s - a wand of iceblast (10)
 t - a wand of quicksilver (5)
Scrolls
 b - a scroll of immolation
 d - a scroll of blinking {unknown}
 e - a scroll of vulnerability {unknown}
 f - 3 scrolls of identify {unknown}
 i - a scroll of amnesia {unknown}
 n - a scroll of noise {unknown}
 o - a scroll of magic mapping {unknown}
 q - a scroll of enchant weapon {unknown}
 u - a scroll of fog {unknown}
Potions
 g - a potion of lignification {unknown}
 k - a potion of invisibility {unknown}
 l - a potion of might {unknown}
 m - 3 potions of curing {unknown}
 p - a potion of heal wounds {unknown}
 r - a potion of cancellation {unknown}


   Skills:
 + Level 2.6 Fighting
 * Level 4.6 Ranged Weapons
 + Level 2.7 Dodging
 + Level 2.2 Stealth
 + Level 0.1 Evocations


You had 3 spell levels left.
You didn't know any spells.
Your spell library contained the following spells:

 Spells                   Type           Power      Damage    Failure   Level
 Gell's Gravitas          Tloc           0%         N/A       80%         3
 Teleport Other           Tloc           0%         N/A       80%         3
 Airstrike                Air            0%         0-1+      99%         4
 Summon Lightning Spire   Summ/Air       0%         N/A       99%         4
 Lightning Bolt           Conj/Air       0%         1d11      100%        5
 Dispersal                Tloc           0%         N/A       100%        6
 Disjunction              Tloc           0%         N/A       100%        8


Dungeon Overview and Level Annotations

Branches:
Dungeon (4/15)
 Temple: D:4-7

Shops:
D:2 *


Innate Abilities, Weirdness & Mutations

You have an increased reservoir of magic. (+10% MP)
You shall have no god before yourself.
Your divine heritage dramatically boosts your attributes as you level up.


Message History

The iguana bites you.
Unknown command.
Unknown command.
Fire: a) +0 shortbow
Press: ? - help, Q - select action, (/) - cycle Shift-Dir - straight line, f - iguana
Aim: an iguana (severely wounded, 69% to hit)
You shoot an arrow.
The arrow hits the iguana but does no damage.
The iguana is severely wounded.
The iguana bites you. The iguana barely misses you.
Unknown command.
Fire: a) +0 shortbow
Press: ? - help, Q - select action, (/) - cycle Shift-Dir - straight line, f - scorpion, p - iguana
Aim: a scorpion (65% to hit)
You shoot an arrow. The arrow closely misses the iguana.
The arrow closely misses the scorpion.
The iguana misses you.
Unknown command.
Fire: a) +0 shortbow
Press: ? - help, Q - select action, (/) - cycle Shift-Dir - straight line, f/p - scorpion
Aim: a scorpion (65% to hit)
You shoot an arrow. The arrow hits the iguana.
The iguana is almost dead.
The iguana bites you!
Fire: a) +0 shortbow
Press: ? - help, Q - select action, (/) - cycle Shift-Dir - straight line, f/p - scorpion
Aim: a scorpion (65% to hit)
You shoot an arrow.
The arrow hits the iguana but does no damage.
The iguana is almost dead.
The iguana barely misses you. The iguana bites you.
* * * LOW HITPOINT WARNING * * *
Unknown command.
Fire: a) +0 shortbow
Press: ? - help, Q - select action, (/) - cycle Shift-Dir - straight line, f/p - scorpion
Aim: a scorpion (65% to hit)
You shoot an arrow. The arrow hits the iguana.
The iguana is almost dead.
The iguana bites you!
You die...

...# . ...# ..##
....# .... .....
#..### ......
...##...... #+#
#..ls..... #^# #.@#
## #.# ##..#
#.^#.#^.#.##
##^#.#ยง##.#
#.^#.#^S#.##
#.####'####..####.
#..................
######.##########..
......# #.#


You could see a scorpion and an iguana.

Vanquished Creatures
  5 adders
  A worm (D:2)
  4 dart slugs
  5 orcs
  8 endoplasms
  8 giant cockroaches
  11 hobgoblins
  4 jackals (D:3)
  7 quokkas
  4 ball pythons
  7 bats
  4 frilled lizards (D:1)
  5 goblins
  9 kobolds
  8 rats
90 creatures vanquished.

Vanquished Creatures (others)
  4 toadstools (D:1)
4 creatures vanquished.

Grand Total: 94 creatures vanquished

Notes
Turn   | Place    | Note
-------+----------+-------------------------------------------
     0 | D:1      | Hasart the Demigod Hunter began the quest for the Orb.
     0 | D:1      | Reached XP level 1. HP: 17/17 MP: 3/3
    26 | D:1      | Reached skill level 1 in Stealth
   247 | D:1      | Reached XP level 2. HP: 18/24 MP: 4/4
   499 | D:1      | Reached skill level 4 in Ranged Weapons
   624 | D:1      | Reached XP level 3. HP: 26/29 MP: 5/5
   903 | D:2      | Found Juecleh's Assorted Antiques.
   906 | D:2      | Bought a scroll labelled ORGHAM QOROL for 26 gold pieces
  1258 | D:2      | Reached XP level 4. HP: 37/37 MP: 6/6
  2728 | D:4      | Slain by an iguana

Illustrated notes

Levels and vault maps discovered:
D:1:      ldierk_walled_garden_2, layout_basic,
          hellmonk_ecumenical_altar_pennies_from_heaven, minmay_tromino_v2
D:2:      layout_loops_ring, serial_shops, nicolae_shop_behind_doors
D:3:      layout_basic, lemuel_tele_altar
D:4:      layout_basic, grunt_tough_drop

Skill      XL: |  1  2  3  4 |
---------------+-------------+-----
Stealth        | 1 2 |  2.2
Fighting       | 2 |  2.6
Dodging        | 2 |  2.7
Ranged Weapons | 4 |  4.6
Evocations     | |  0.1

Action                   |  1- 3 |  4- 6 || total
-------------------------+-------+-------++-------
 Fire: Shortbow          |   134 |   104 ||   238
Armor: Leather armour    |    13 |    12 ||    25
Dodge: Dodged            |    34 |    44 ||    78

Table legend: (Time is in decaauts)
 A = Elapsed time spent in this place.
 B = Non-inter-level travel time spent in this place.
 C = Inter-level travel time spent in this place.
 D = Time resting spent in this place.
 E = Time spent auto-exploring this place.
 F = Levels seen in this place.
 G = Mean time per level.
                   A        B        C        D        E       F      G
               +--------+--------+--------+--------+--------+-----+--------+
         Total |   2807 |   2716 |     91 |      0 |   2277 |   4 |  701.8 |
       Dungeon |   2807 |   2716 |     91 |      0 |   2277 |   4 |  701.8 |
               +--------+--------+--------+--------+--------+-----+--------+

Top non-repeatable levels by time:
     D:1: 920 daAuts
     D:3: 907 daAuts
     D:2: 782 daAuts
     D:4: 197 daAuts
